 Dungeon Crawl Stone Soup version 0.20.1-1-g8b1a95d (webtiles) character file.

78 Monsterracer the Skirmisher (level 4, 0/40 HPs)
             Began as a Hill Orc Transmuter on Oct 19, 2017.
             Succumbed to a worker ant's poison
             ... on level 3 of the Dungeon.
             The game lasted 00:03:46 (2238 turns).

Monsterracer the Skirmisher (Hill Orc Transmuter)   Turns: 2238, Time: 00:03:46

Health: 0/40       AC:  6    Str: 13    XL:     4   Next: 36%
Magic:  6/6        EV: 10    Int: 13    God:
Gold:   99         SH:  0    Dex: 11    Spells: 5/6 levels left

rFire    . . .     SeeInvis .   a - +0 hand axe
rCold    . . .     Gourm    .   (no shield)
rNeg     . . .     Faith    .   f - +0 ring mail
rPois    .         Spirit   .   (no helmet)
rElec    .         Reflect  .   (no cloak)
rCorr    .         Harm     .   (no gloves)
MR       .....                  b - +0 pair of boots
Stlth    +.........             (no amulet)
Regen    0.2/turn               (no ring)
MPRegen  0.1/turn               (no ring)

@: lethally poisoned (0 -> -8)
A: no striking features
a: no special abilities


You were on level 3 of the Dungeon.
You were hungry.

You visited 1 branch of the dungeon, and saw 3 of its levels.

You collected 99 gold pieces.

Inventory:

Hand Weapons
 a - a +0 hand axe (weapon)
Armour
 b - a +0 pair of boots (worn)
 f - a +0 ring mail (worn)
Scrolls
 c - 6 scrolls of identify
 h - 2 scrolls of amnesia {unknown}
 i - a scroll of noise {unknown}
 k - a scroll of recharging {unknown}
 n - a scroll of fear {unknown}
Potions
 e - a potion of agility
 l - 2 potions of flight
Comestibles
 d - a bread ration
 j - a meat ration


   Skills:
 - Level 3.8 Fighting
 + Level 3.0 Axes
 - Level 0.2 Armour
 - Level 1.5 Dodging
 - Level 3.2 Unarmed Combat
 - Level 1.5 Spellcasting
 - Level 1.3 Transmutations


You had 5 spell levels left.
You knew the following spells:

 Your Spells              Type           Power        Failure   Level  Hunger
a - Beastly Appendage     Tmut           #.....       32%         1    ##.....


Dungeon Overview and Level Annotations

Branches:
Dungeon (3/15)

Altars:
Dithmenos
Okawaru


Message History

You are poisoned.
The worker ant poisons you! The worker ant closely misses you.
Damage: -9%(-3hp) hp: 88%(29hp)
You hit the worker ant but do no damage.
The worker ant is moderately wounded.
You feel sick. The worker ant bites you.
You are more poisoned.
The worker ant poisons you!
Huge Dmg: -18%(-6hp) hp: 70%(23hp) Wield which item (- for none, * to show all)? (? for menu, Esc to quit)
a - a +0 hand axe (weapon)
You feel sick.
Damage: -3%(-1hp) hp: 67%(22hp)
You hit the worker ant.
The worker ant is heavily wounded.
You are feeling hungry.
You feel sick.
The worker ant bites you but does no damage.
The worker ant bites you.
Damage: -12%(-4hp) hp: 55%(18hp)
You closely miss the worker ant.
The worker ant is heavily wounded.
You feel sick. The worker ant barely misses you.
Damage: -6%(-2hp) hp: 49%(16hp)
You hit the worker ant but do no damage.
The worker ant is heavily wounded.
You feel sick.
The worker ant bites you but does no damage.
Damage: -3%(-1hp) hp: 46%(15hp)
You hit the worker ant.
The worker ant is heavily wounded.
You feel sick. The worker ant bites you.
* * * LOW HITPOINT WARNING * * *
The worker ant bites you.
* * * LOW HITPOINT WARNING * * *
You are more poisoned.
The worker ant poisons you!
Huge Dmg: -18%(-6hp) hp: 28%(9hp) Unknown command.
You feel better. The worker ant bites you!
* * * LOW HITPOINT WARNING * * *
You are poisoned.
The worker ant poisons you!
Huge Dmg: -6%(-2hp) hp: 22%(7hp)
You hit the worker ant.
The worker ant is severely wounded.
You feel sick. The worker ant bites you.
* * * LOW HITPOINT WARNING * * *
The worker ant closely misses you.
Huge Dmg: -9%(-3hp) hp: 13%(4hp)
You feel better. The worker ant closely misses you.
You closely miss the worker ant.
The worker ant is severely wounded.
The worker ant bites you.
* * * LOW HITPOINT WARNING * * *
You are lethally poisoned!
The worker ant poisons you!
Huge Dmg: -9%(-3hp) hp: 25%(8hp)
You hit the worker ant but do no damage.
The worker ant is severely wounded.
* * * LOW HITPOINT WARNING * * *
You feel sick. The worker ant closely misses you.
The worker ant barely misses you.
Damage: -3%(-1hp) hp: 22%(7hp) Unknown command.
Unknown command.
Okay, then.
Unknown command.
* * * LOW HITPOINT WARNING * * *
You feel sick.
Damage: -3%(-1hp) hp: 19%(6hp) Unknown command.
You closely miss the worker ant.
The worker ant is severely wounded.
* * * LOW HITPOINT WARNING * * *
You feel sick. The worker ant bites you.
* * * LOW HITPOINT WARNING * * *
Huge Dmg: -6%(-2hp) hp: 13%(4hp) Unknown command.
You barely miss the worker ant.
The worker ant is severely wounded.
The worker ant bites you but does no damage.
The worker ant barely misses you.
You hit the worker ant.
The worker ant is severely wounded.
* * * LOW HITPOINT WARNING * * *
You feel sick. The worker ant bites you.
* * * LOW HITPOINT WARNING * * *
You are more poisoned.
The worker ant poisons you!
Huge Dmg: -9%(-3hp) hp: 4%(1hp)
You hit the worker ant.
You kill the worker ant!
Your Axes skill increases to level 3!
You have reached level 4!
* * * LOW HITPOINT WARNING * * *
You feel sick.
You hit the hobgoblin.
The hobgoblin is moderately wounded.
You die...

#†# #
##.######.########
..................
#..#####.######.#
#.#......# #.#
#........# #.#
##.......#####.#
######.......'.....+
#..@g........#####.#
#.#####.###### #.# #
#..## #.# #...#
##.#####...######
................##
#...#.....<...... ..
##...........
.......†.......


You could see a hobgoblin.

Vanquished Creatures
  A worker ant (D:3)
  An adder (D:3)
  2 worms (D:2)
  A dart slug (D:2)
  4 giant cockroaches (D:1)
  4 goblins (D:1)
  2 hobgoblins (D:1)
  3 jackals (D:3)
  8 kobolds
  A ball python (D:3)
  6 bats
  A frilled lizard (D:2)
  4 rats
38 creatures vanquished.

Notes
Turn   | Place    | Note
-------+----------+-------------------------------------------
     0 | D:1      | Monsterracer the Hill Orc Transmuter began the quest for the Orb.
     0 | D:1      | Reached XP level 1. HP: 16/16 MP: 3/3
   386 | D:1      | Reached XP level 2. HP: 25/25 MP: 4/4
   461 | D:1      | HP: 11/25 [kobold/short sword (3)]
   482 | D:1      | HP: 10/25 [hobgoblin (2)]
   487 | D:1      | HP: 7/25 [hobgoblin (4)]
   937 | D:1      | Reached XP level 3. HP: 31/31 MP: 5/5
  1081 | D:2      | HP: 10/31 [worm (9)]
  1356 | D:2      | Found a shadowy altar of Dithmenos.
  2083 | D:3      | Reached skill level 1 in Axes
  2193 | D:3      | Found an iron altar of Okawaru.
  2225 | D:3      | HP: 16/33 [poisoned by a worker ant]
  2228 | D:3      | HP: 7/33 [worker ant (7)]
  2233 | D:3      | HP: 6/33 [poisoned by a worker ant]
  2236 | D:3      | HP: 1/33 [worker ant (2)]
  2237 | D:3      | Reached XP level 4. HP: 2/40 MP: 6/6
  2238 | D:3      | Succumbed to a worker ant's poison

Skill      XL: |  1  2  3 |
---------------+----------+-----
Fighting       | 2 3 |  3.8
Axes           | 3 |  3.0
Armour         | |  0.2
Dodging        | |  1.5
Unarmed Combat | |  3.2
Spellcasting   | |  1.5
Transmutations | |  1.3

Action                   |  1- 3 |  4- 6 || total
-------------------------+-------+-------++-------
Melee: Unarmed           |   162 |       ||   162
       Headbutt          |     4 |       ||     4
       Kick              |     1 |       ||     1
       Punch             |     2 |       ||     2
       Hand axe          |    11 |     1 ||    12
 Cast: Beastly Appendage |     7 |       ||     7
  Use: Scroll            |     3 |       ||     3
       Potion            |     2 |       ||     2
  Eat: Chunk             |     4 |       ||     4
Armor: Robe              |     8 |       ||     8
       Ring mail         |    52 |       ||    52
Dodge: Dodged            |    94 |       ||    94

Vault maps used:
D:1:      ncdulo_lavacross, minmay_three_crescents
D:2:      grunt_dithmenos_smoke_and_mirrors, hangedman_decor_clover_reticule
D:3:      okawaru_ov_weapons_minmay, minmay_misc_feat_ornament
